 Dungeon Crawl Stone Soup version 0.19.1 (webtiles) character file.

3015 Gargoyl the Cleaver (level 9, -2/78 HPs)
             Began as a Yellow Draconian Abyssal Knight on Dec 1, 2016.
             Was an Elder of Lugonu.
             Slain by a yak (17 damage)
             ... on level 9 of the Dungeon.
             The game lasted 00:17:27 (8487 turns).

Gargoyl the Cleaver (DrAK)                          Turns: 8487, Time: 00:17:27

Health: -2/78      AC: 10    Str: 17    XL:     9   Next: 55%
Magic:  10/10      EV: 12    Int: 13    God:    Lugonu [****..]
Gold:   390        SH:  9    Dex: 11    Spells: 0 memorised, 8 levels left

rFire  . . .     SeeInvis .     d - +4 broad axe (venom)
rCold  . . .     Gourm    .     (armour unavailable)
rNeg   . . .     Faith    .     e - +0 shield
rPois  .         Spirit   .     (helmet restricted)
rElec  .         Reflect  .     f - +1 cloak
rCorr  +         Harm     .     (no gloves)
MR     .....                    x - +0 pair of boots
Stlth  ++........               (no amulet)
                                (no ring)
                                (no ring)

@: short of breath, very slightly contaminated, hasted, very quick
A: spit acid, acid resistance, unfitting armour, cold-blooded, AC +7
a: Spit Acid, Depart the Abyss, Bend Space, Banish, Corrupt, Renounce Religion


You were on level 9 of the Dungeon.
You worshipped Lugonu.
Lugonu was greatly pleased with you.
You were very hungry.

You visited 1 branch of the dungeon, and saw 9 of its levels.
You visited the Abyss 1 time.

You collected 390 gold pieces.

Inventory:

Hand Weapons
 d - a +4 broad axe of venom (weapon)
 i - a +0 trident of freezing
 u - a +0 war axe
 y - a +0 war axe
Missiles
 z - 4 tomahawks (quivered)
Armour
 e - a +0 shield (worn)
 f - a +1 cloak (worn)
 x - a +0 pair of boots (worn)
Jewellery
 A - a cursed -6 ring of strength {unknown}
Wands
 m - a wand of slowing (29/48)
 o - a wand of teleportation (3/9)
 B - a wand of flame (22/48)
 C - a wand of slowing (19/48)
Scrolls
 g - 3 scrolls of remove curse
 h - 2 scrolls of amnesia
 j - a scroll of fear
 E - a scroll of identify
Potions
 c - a potion of flight {unknown}
 k - a potion of heal wounds {unknown}
 n - 3 potions of curing
 p - 2 potions of mutation {unknown}
 r - 2 potions of haste
 s - 2 potions of invisibility {unknown}
 v - 2 potions of degeneration {unknown}
 w - 3 potions of lignification {unknown}
Books
 l - a book of Minor Magic

   Spells                             Type                      Level
   a - Magic Dart                     Conjuration                  1
   b - Blink                          Translocation                2
   c - Call Imp                       Summoning                    2
   d - Repel Missiles                 Charms/Air                   2
   e - Slow                           Hexes                        2
   f - Conjure Flame                  Conjuration/Fire             3
   g - Mephitic Cloud                 Conjuration/Poison/Air       3
 q - a book of Geomancy

   Spells                             Type                      Level
   a - Sandblast                      Earth                        1
   b - Passwall                       Transmutation/Earth          2
   c - Stone Arrow                    Conjuration/Earth            3
   d - Petrify                        Transmutation/Earth          4
   e - Lee's Rapid Deconstruction     Earth                        5
Comestibles
 a - a beef jerky
 b - 6 bread rations
 t - 4 fruits
 D - a meat ration


   Skills:
 + Level 6.5 Fighting
 + Level 9.7 Axes
 + Level 5.0 Dodging
 + Level 3.4 Stealth
 + Level 4.4 Shields
 + Level 2.0 Invocations


You had 8 spell levels left.
You didn't know any spells.

Dungeon Overview and Level Annotations

Branches:
Dungeon (9/15)
 Temple: D:4-7         Lair: D:8-11         Orc: D:9-12

Altars:
Fedhas
Makhleb

Annotations:
D:3 BoredOne's ghost, amateur FoFi
D:7 Menkaure


Innate Abilities, Weirdness & Mutations

You can spit globs of acid.
You are resistant to acid.
Your golden yellow scales are hard. (AC +7)
You cannot fit into any form of body armour.
You are cold-blooded and may be slowed by cold attacks.


Message History

You slice the bullfrog!!
You kill the bullfrog!
Lugonu accepts your kill.
You start resting.
You can't do that yet.
Unknown command.
You hit the yak.
The yak is poisoned.
You tail-slap the yak, but do no damage.
The yak is lightly wounded.
You hit the yak.
The yak looks as sick as possible!
The yak is lightly wounded.
You block the yak's attack.
You closely miss the yak.
The yak is moderately wounded.
You block the yak's attack.
You slash the yak!
The yak looks as sick as possible!
Your tail-slap misses the yak.
The yak is severely wounded.
The yak gores you!
You die...

#.# ... #.#
### #.#
....
###.##..#
#YY...$#
#Y#.####
#Y#.# #@#.#
#.#Y# ..#Y#
..##Y#
#.###.#####
#.#......>#
#.#.......#
. #.....).#
#.#.......#


You could see 4 yaks.

Vanquished Creatures
  Joseph (D:8)
  A two-headed ogre (D:7)
  2 yaks (D:9)
  Duvessa (D:6)
  A sky beast (D:7)
  2 orc warriors
  An ogre (D:6)
  2 centaurs (D:7)
  2 bullfrogs
  Dowan (D:6)
  A scorpion (D:4)
  6 killer bees (D:7)
  2 howler monkeys
  A crimson imp (D:8)
  Crazy Yiuf (D:2)
  4 hounds
  8 orc wizards
  4 orc priests
  A gnoll shaman (D:7)
  An iguana (D:8)
  8 worker ants
  A worker ant zombie (D:8)
  6 gnolls
  9 adders
  An ooze (D:1)
  An adder skeleton (D:8)
  6 worms
  2 dart slugs
  3 leopard geckos
  24 orcs
  17 giant cockroaches
  5 hobgoblins
  6 jackals
  3 quokkas
  4 bats
  4 frilled lizards
  5 goblins
  8 kobolds
  9 rats
165 creatures vanquished.

Notes
Turn   | Place    | Note
-------+----------+-------------------------------------------
     0 | Abyss:1  | Gargoyl the Draconian Abyssal Knight began the quest for the Orb.
     0 | Abyss:1  | Reached XP level 1. HP: 19/19 MP: 2/2
    54 | Abyss:1  | Found a hazy altar of Hepliaklqana.
    72 | Abyss:1  | Noticed a quasit
   121 | Abyss:2  | Noticed a raiju
   121 | Abyss:2  | Noticed a raiju
   121 | D:1      | Escaped the Abyss
   380 | D:1      | Reached * piety under Lugonu
   485 | D:1      | Reached XP level 2. HP: 22/27 MP: 3/3
  1030 | D:2      | Reached XP level 3. HP: 29/33 MP: 4/4
  1236 | D:2      | Reached skill level 1 in Shields
  1251 | D:2      | Reached XP level 4. HP: 21/40 MP: 5/5
  1256 | D:2      | Reached skill level 3 in Axes
  1616 | D:2      | Reached ** piety under Lugonu
  1749 | D:2      | Found a runed door.
  1753 | D:2      | Noticed Crazy Yiuf
  1760 | D:2      | Killed Crazy Yiuf
  1985 | D:2      | Reached XP level 5. HP: 46/46 MP: 6/6
  2181 | D:3      | Found a burning altar of Makhleb.
  2181 | D:3      | Noticed BoredOne's ghost (amateur FoFi)
  3189 | D:3      | Reached skill level 4 in Axes
  3189 | D:3      | Reached XP level 6. HP: 53/53 MP: 7/7
  3780 | D:4      | You fall through a shaft for 2 floors!
  3818 | D:6      | Reached skill level 5 in Axes
  3921 | D:5      | Entered Level 5 of the Dungeon
  4394 | D:5      | Your scales start taking on a golden yellow colour.
  4394 | D:5      | Reached XP level 7. HP: 53/60 MP: 8/8
  4429 | D:5      | Reached skill level 1 in Stealth
  4796 | D:4      | You fall through a shaft for 2 floors!
  5186 | D:6      | Reached *** piety under Lugonu
  5289 | D:6      | Reached skill level 6 in Axes
  5715 | D:6      | Noticed Dowan
  5717 | D:6      | Noticed Duvessa
  5723 | D:6      | Killed Duvessa
  5723 | D:6      | Reached skill level 5 in Fighting
  5732 | D:6      | Killed Dowan
  6104 | D:6      | Reached XP level 8. HP: 63/68 MP: 9/9
  6246 | D:7      | Reached skill level 7 in Axes
  6466 | D:7      | Found a blossoming altar of Fedhas.
  6491 | D:7      | Noticed Menkaure
  6504 | D:7      | Noticed a two-headed ogre
  6763 | D:7      | Killed a two-headed ogre
  6763 | D:7      | Reached skill level 8 in Axes
  7558 | D:7      | Reached XP level 9. HP: 72/75 MP: 10/10
  7701 | D:8      | Noticed Joseph
  7709 | D:8      | Killed Joseph
  7717 | D:8      | Reached skill level 9 in Axes
  8141 | D:8      | Reached **** piety under Lugonu
  8473 | D:9      | Reached skill level 5 in Dodging
  8487 | D:9      | Slain by a yak

Skill      XL: |  1  2  3  4  5  6  7  8  9 |
---------------+----------------------------+-----
Fighting       | 4 5 6 |  6.5
Shields        | 1 2 3 4 |  4.4
Axes           | 3 4 5 6 8 9 |  9.7
Dodging        | 3 4 5 |  5.0
Stealth        | 2 3 |  3.4
Invocations    | |  2.0

Action                   |  1- 3 |  4- 6 |  7- 9 || total
-------------------------+-------+-------+-------++-------
Melee: Broad axe         |   100 |   150 |   135 ||   385
       Tailslap          |     8 |    16 |    15 ||    39
Invok: Depart the Abyss  |     1 |       |       ||     1
 Abil: Spit Acid         |       |       |    35 ||    35
  Use: Potion            |     1 |       |     3 ||     4
       Scroll            |       |    13 |     4 ||    17
 Stab: Sleeping          |       |       |     1 ||     1
  Eat: Chunk             |     1 |     9 |    18 ||    28
       Pizza             |       |       |     1 ||     1
Armor: Skin              |    68 |    66 |    39 ||   173
Dodge: Dodged            |    73 |    83 |    60 ||   216
Block: Shield            |    62 |    98 |    61 ||   221
